 Dungeon Crawl Stone Soup version 0.20-a0-443-g0464b71 (webtiles) character file.

192 Goblin1989 the Cudgeler (level 5, 0/41 HPs)
             Began as a Barachian Fighter on Jan 6, 2017.
             Slain by Crazy Yiuf
             ... wielding a +4 quarterstaff of chaos
              (7 damage)
             ... while paralysed by Crazy Yiuf
             ... on level 3 of the Dungeon.
             The game lasted 00:11:34 (3480 turns).

Goblin1989 the Cudgeler (Barachian Fighter)         Turns: 3480, Time: 00:11:35

Health: 0/41       AC:  8    Str: 16    XL:     5   Next: 71%
Magic:  0/5        EV:  2    Int:  6    God:
Gold:   117        SH:  0    Dex: 10    Spells: 4/4 levels left

rFire  . . .     SeeInvis .     a - +0 flail
rCold  . . .     Gourm    .     b - +0 scale mail
rNeg   . . .     Faith    .     c - +0 shield
rPois  .         Spirit   .     m - +0 helmet
rElec  .         Reflect  .     (no cloak)
rCorr  .         Harm     .     (no gloves)
MR     .....                    (no boots)
Stlth  ..........               (no amulet)
                                (no ring)
                                (no ring)

@: paralysed, slow
A: swims, slowness 1, strong legs 1
a: Hop


You were on level 3 of the Dungeon.
You were not hungry.

You visited 1 branch of the dungeon, and saw 3 of its levels.

You collected 117 gold pieces.

Inventory:

Hand Weapons
 a - a +0 flail (weapon)
Missiles
 Z - a throwing net {=f, !d}
Armour
 b - a +0 scale mail (worn)
 c - a +0 shield (worn)
 m - a +0 helmet (worn)
Scrolls
 h - 2 scrolls of identify {unknown}
 i - 3 scrolls of teleportation {unknown}
 l - a scroll of enchant armour {unknown}
 n - a scroll of fear {unknown}
Potions
 d - a potion of might
 e - a potion of cure mutation {unknown}
 k - a potion of cancellation {unknown}
Comestibles
 f - 3 bread rations {@e1}
 g - 3 chunks of flesh {@w0}
 o - a royal jelly
 p - 3 fruits


   Skills:
 - Level 3.2 Fighting
 + Level 5.7 Maces & Flails
 - Level 3.2 Armour
 - Level 3.0 Shields


You had 4 spell levels left.
You didn't know any spells.

Dungeon Overview and Level Annotations

Branches:
Dungeon (3/15)

Altars:
Ashenzari
Uskayaw

Annotations:
D:3 Crazy Yiuf


Innate Abilities, Weirdness & Mutations

You can swim through water.
You cover ground slowly.
You can hop short distances.


Message History

You are poisoned.
You take 2 damage, and have 20/41 hp.
Unknown command.
You hit Crazy Yiuf.
Crazy Yiuf is moderately wounded.
You feel sick. You block Crazy Yiuf's attack.
You take 1 damage, and have 19/41 hp.
You sock Crazy Yiuf!
Crazy Yiuf is severely wounded.
You feel sick.
Crazy Yiuf hits you with a quarterstaff of chaos!
* * * LOW HITPOINT WARNING * * *
You feel your power leaking away.
You take 10 damage, and have 9/41 hp.
MASSIVE DAMAGE!!
You now have 0/5 mp.
It was a potion of curing.
You feel better.
Crazy Yiuf hits you with a quarterstaff of chaos!
* * * LOW HITPOINT WARNING * * *
You suddenly lose the ability to move!
Crazy Yiuf hits you with a quarterstaff of chaos!
You die...

█.█ ███......█
█.█.... █.█ █......█
█.█.███ █.█ ████:(.█
█...... █.█ █...█
███.██. █.█ █...█
█.██. █.█ ███
♣♣███∆██ ██∆██. █.█
█)..█♣♣ ♣♣..█...█
█...█. █.█
█...∆g♣♣♣♣.......█
█...█. █.█
█...█♣..♣@.....█.█
█.).█. █∆████ ███
♣♣♣g♣...███∆████...██
.....█
♣♣♣♣♣███...█......█
.....█ █...█......█
.....██ █...█......█
......█ █..........█
.██████ █...........
.█ █.....██.... .█
█...█▲██.█≈≈


You could see Crazy Yiuf.

Vanquished Creatures
  Terence (D:2)
  Robin (D:1)
  5 adders
  2 oozes
  5 worms
  2 dart slugs
  3 leopard geckos
  10 bats
  4 giant cockroaches
  5 hobgoblins
  4 jackals (D:3)
  7 kobolds
  A quokka (D:2)
  6 frilled lizards
  19 goblins
  4 rats
79 creatures vanquished.

Notes
Turn   | Place    | Note
-------+----------+-------------------------------------------
     0 | D:1      | Goblin1989 the Barachian Fighter began the quest for the Orb.
     0 | D:1      | Reached XP level 1. HP: 18/18 MP: 1/1
    97 | D:1      | Reached XP level 2. HP: 24/24 MP: 2/2
   206 | D:1      | Reached skill level 3 in Maces & Flails
   726 | D:2      | Reached XP level 3. HP: 26/29 MP: 3/3
   772 | D:2      | Noticed Robin
  1083 | D:2      | Noticed Terence
  1084 | D:2      | Goblin1989: @?? terence
  1084 | D:2      | Goblin1989: @??terence
  1084 | D:2      | beem: Terence (@)
                  | Spd:
    10 | HD: 2    | HP: 16-24
                  | AC/EV: 6/8
                  | Dam: 5
                  | weapons, items, doors
                  | Res: magic(10)
                  | XP:
    35 | Sz: Medium | Int: human.
  1097 | D:2      | Sapher: надо было бежать
  1100 | D:2      | Sapher: как тока лестница в LOS прыгать
  1542 | D:1      | Killed Robin
  1542 | D:1      | Reached skill level 4 in Maces & Flails
  1556 | D:2      | Reached XP level 4. HP: 35/35 MP: 4/4
  2455 | D:2      | Sapher: кстати, абилка уже раз спасла жизнь...она не бесполезна!
  2457 | D:2      | Goblin1989: а кто говорил о бесполезности?
  2457 | D:2      | Goblin1989: я - нет
  2461 | D:2      | Sapher: да я че-то думать начал что она атстой
  2468 | D:2      | Sapher: с таким кол-вом ходов на перезарядку
  2470 | D:2      | Goblin1989: ну она просто не для спидранов, а так полезная
  2479 | D:2      | Killed Terence
  2479 | D:2      | Reached skill level 5 in Maces & Flails
  2479 | D:2      | Reached XP level 5. HP: 34/41 MP: 5/5
  2724 | D:3      | Found a shattered altar of Ashenzari.
  2991 | D:3      | Iwannabefree: слоу 1 тебя больше убьет
  3019 | D:3      | Iwannabefree: чем эта абилка спасет
  3098 | D:3      | Iwannabefree: да и рандомная она слишком
  3105 | D:3      | Found a faded altar of an unknown god.
  3184 | D:3      | Found a runed door.
  3299 | D:3      | Found a hide-covered altar of Uskayaw.
  3467 | D:3      | Noticed Crazy Yiuf
  3479 | D:3      | Paralysed by Crazy Yiuf for 6 turns
  3480 | D:3      | Slain by Crazy Yiuf

Vault maps used:
D:1:      mushboom_english_gardens
D:2:      minmay_cut_off, uniq_robin, uniq_terence
D:3:      lemuel_doored_altar, lemuel_round_altar, first_bread,
          chequers_ecumenical_altar_island, uniq_crazy_yiuf_cottage

Skill      XL: |  1  2  3  4 |
---------------+-------------+-----
Maces & Flails | 3 4 5 |  5.7
Fighting       | |  3.2
Armour         | |  3.2
Shields        | |  3.0

Action                   |  1- 3 |  4- 6 || total
-------------------------+-------+-------++-------
Melee: Flail             |   124 |   210 ||   334
 Abil: Hop               |     1 |       ||     1
  Use: Potion            |       |     1 ||     1
  Eat: Chunk             |     3 |     7 ||    10
Armor: Scale mail        |    86 |   106 ||   192
Dodge: Dodged            |    46 |    47 ||    93
Block: Shield            |    80 |   100 ||   180

Vault maps used:
D:1:      mushboom_english_gardens
D:2:      minmay_cut_off, uniq_robin, uniq_terence
D:3:      lemuel_doored_altar, lemuel_round_altar, first_bread,
          chequers_ecumenical_altar_island, uniq_crazy_yiuf_cottage
